 Dungeon Crawl Stone Soup version 0.21.1-1-g345015f (webtiles) character file.

1421 tyranidshit the Fighter (level 8, 0/74 HPs)
             Began as a Demonspawn Abyssal Knight on June 12, 2018.
             Was a Priest of Lugonu.
             Succumbed to Blork the orc's poison
             ... on level 6 of the Dungeon.
             The game lasted 00:16:03 (4019 turns).

tyranidshit the Fighter (Demonspawn Abyssal Knight) Turns: 4019, Time: 00:16:04

Health: 0/74       AC: 13    Str: 16    XL:     8   Next: 44%
Magic:  2/9        EV:  3    Int: 13    God:    Lugonu [***...]
Gold:   179        SH: 10    Dex: 12    Spells: 7/7 levels left

rFire    + + .     SeeInvis .   q - +1 broad axe
rCold    + . .     Gourm    .   b - +0 large shield
rNeg     . . .     Faith    .   n - +0 chain mail
rPois    +         Spirit   +   (helmet restricted)
rElec    +         Reflect  .   (no cloak)
rCorr    +         Harm     .   (no gloves)
MR       .....                  p - +1 pair of boots
Stlth    ..........             g - amulet of guardian spirit
HPRegen  0.22/turn              d - +3 ring of protection
MPRegen  0.11/turn              x - ring of resist corrosion

@: lethally poisoned (0 -> -5), resistant
A: antennae 1, repulsion field 1, fire resistance 1, spiny 1, flame cloud
immunity
a: Depart the Abyss, Bend Space, Banish, Renounce Religion


You were on level 6 of the Dungeon.
You worshipped Lugonu.
Lugonu was most pleased with you.
You were not hungry.

You visited 1 branch of the dungeon, and saw 6 of its levels.
You visited the Abyss 1 time.
You also visited: Ossuary.

You collected 179 gold pieces.

Inventory:

Hand Weapons
 a - a +2 hand axe
 k - a +1 dagger of speed
 q - a +1 broad axe (weapon)
Armour
 b - a +0 large shield (worn)
 h - a +0 helmet
 j - a +3 leather armour of fire resistance
 n - a +0 chain mail (worn)
 p - a +1 pair of boots (worn)
Jewellery
 d - a +3 ring of protection (left hand)
 g - an amulet of guardian spirit (around neck)
 m - an uncursed ring of protection from fire
 s - an uncursed ring of ice
 x - a ring of resist corrosion (right hand)
 z - a -3 ring of protection
Scrolls
 f - 13 scrolls of identify
 l - 5 scrolls of remove curse
 o - a scroll of fog
 r - a scroll of teleportation
 t - 2 scrolls of fear
 v - a scroll of magic mapping
 y - a scroll of amnesia
Potions
 e - a potion of resistance
 i - a potion of invisibility
 u - a potion of curing
Comestibles
 c - 4 rations


   Skills:
 + Level 10.8 Fighting
 - Level 1.7 Axes
 - Level 1.7 Armour
 - Level 0.8 Dodging
 - Level 2.4 Invocations


You had 7 spell levels left.
You didn't know any spells.

Dungeon Overview and Level Annotations

Branches:
Dungeon (6/15)
 Temple: D:4-7

Altars:

Shops:
D:5 [


Innate Abilities, Weirdness & Mutations

You have a pair of small antennae on your head.
You are surrounded by a mild repulsion field. (EV +2)
Your flesh is heat resistant. (rF+)
You are partially covered in sharp spines.
You are immune to clouds of flame.


Message History

* * * LOW HITPOINT WARNING * * *
You feel sick.
Found a stone staircase leading up.
You feel protected.
* * * LOW HITPOINT WARNING * * *
You feel sick.
Okay, then.
* * * LOW HITPOINT WARNING * * *
You feel sick.
Things that are here:
a halberd of venom; a robe; the orc corpse of Blork the orc
* * * LOW HITPOINT WARNING * * *
You feel sick.
* * * LOW HITPOINT WARNING * * *
You feel sick.
* * * LOW HITPOINT WARNING * * *
You feel sick.
You see here a potion of curing.
u - a potion of curing You die...

### .. #. #. #.### #.
##...# #.
###..#.######## #.
#....@........# #.
#.#.###...###.# #. #
#)..# #.#######†
.###...###......)..
#.....%........#######
#.#...........## #
#?............# #
##..###...###.# # #..
#...# #.# #


There were no monsters in sight!

Vanquished Creatures
  A wraith (Ossuary)
  An ice beast (D:5)
  A centaur (D:5)
  2 ogres
  A big kobold (D:5)
  Blork the orc (D:6)
  A bullfrog (D:6)
  3 scorpions (D:4)
  A wyvern skeleton (D:6)
  2 jellies
  2 orc priests
  2 hounds
  2 orc wizards
  5 worker ants
  A hound skeleton (D:5)
  3 mummies (Ossuary)
  3 adders
  A shadow imp (D:5)
  An ooze (D:6)
  An adder skeleton (D:5)
  4 worms
  3 dart slugs
  3 leopard geckos
  10 orcs
  3 giant cockroaches
  2 gnoll zombies (Ossuary)
  6 goblins
  5 hobgoblins
  6 jackals
  10 kobolds
  2 quokkas
  2 ball pythons
  3 bats
  A frilled lizard (D:3)
  A goblin zombie (Ossuary)
  3 hobgoblin zombies (Ossuary)
  A kobold zombie (Ossuary)
  A leopard gecko skeleton (D:5)
  A leopard gecko zombie (D:6)
  A quokka skeleton (D:5)
  7 rats
110 creatures vanquished.

Notes
Turn   | Place    | Note
-------+----------+-------------------------------------------
     0 | Abyss:1  | tyranidshit the Demonspawn Abyssal Knight began the quest for the Orb.
     0 | Abyss:1  | Reached XP level 1. HP: 18/18 MP: 2/2
     2 | Abyss:1  | Found a corrupted altar of Lugonu.
    56 | Abyss:1  | Found a blossoming altar of Fedhas.
    76 | Abyss:1  | Noticed a great orb of eyes
    87 | D:1      | Escaped the Abyss
   155 | D:1      | Reached * piety under Lugonu
   204 | D:1      | Gained mutation: Your flesh is heat resistant. (rF+) [demonic ancestry]
   204 | D:1      | Reached XP level 2. HP: 18/24 MP: 3/3
   555 | D:2      | Reached skill level 4 in Fighting
   654 | D:2      | Gained mutation: You are immune to clouds of flame. [demonic ancestry]
   654 | D:2      | Reached XP level 3. HP: 19/30 MP: 1/4
  1315 | D:3      | Reached ** piety under Lugonu
  1395 | D:3      | Reached skill level 5 in Fighting
  1395 | D:3      | Reached XP level 4. HP: 9/39 MP: 2/5
  1861 | D:3      | Gained mutation: You are partially covered in sharp spines. [demonic ancestry]
  1861 | D:3      | Reached XP level 5. HP: 46/46 MP: 6/6
  2117 | D:4      | Reached skill level 6 in Fighting
  2314 | D:4      | Noticed an ogre
  2319 | D:4      | Killed an ogre
  2319 | D:4      | Reached skill level 7 in Fighting
  2319 | D:4      | Gained mutation: You are surrounded by a mild repulsion field. (EV +2) [demonic ancestry]
  2319 | D:4      | Reached XP level 6. HP: 43/55 MP: 5/7
  2843 | D:5      | Entered Level 5 of the Dungeon
  2900 | D:5      | Found a sand-covered staircase.
  2907 | Ossuary  | Entered an ossuary
  2907 | Ossuary  | Noticed a wraith
  2907 | Ossuary  | Noticed a wraith
  2907 | Ossuary  | Noticed a wraith
  2994 | Ossuary  | Reached skill level 8 in Fighting
  3018 | Ossuary  | Reached *** piety under Lugonu
  3146 | Ossuary  | Reached XP level 7. HP: 32/62 MP: 4/8
  3216 | Ossuary  | Noticed a wraith
  3232 | Ossuary  | Killed a wraith
  3386 | D:5      | Reached skill level 9 in Fighting
  3435 | D:5      | Found Hafokue's Armour Boutique.
  3547 | D:5      | Gained mutation: You have a pair of small antennae on your head. [demonic ancestry]
  3547 | D:5      | Reached XP level 8. HP: 23/72 MP: 6/9
  3729 | D:5      | Reached skill level 10 in Fighting
  3989 | D:6      | Noticed Blork the orc
  4011 | D:6      | Killed Blork the orc
  4015 | D:6      | HP: 3/74 [poisoned by Blork the orc]
  4017 | D:6      | HP: 1/74 [poisoned by Blork the orc]
  4019 | D:6      | Succumbed to Blork the orc's poison

Skill      XL: |  1  2  3  4  5  6  7  8 |
---------------+-------------------------+-----
Fighting       | 4 5 7 8 9 10 | 10.8
Axes           | |  1.7
Armour         | |  1.7
Dodging        | |  0.8
Invocations    | |  2.4

Action                   |  1- 3 |  4- 6 |  7- 9 || total
-------------------------+-------+-------+-------++-------
Melee: Hand axe          |   170 |    69 |       ||   239
       Broad axe         |       |    67 |    99 ||   166
Invok: Depart the Abyss  |     1 |       |       ||     1
  Use: Potion            |     4 |     2 |     7 ||    13
       Scroll            |     9 |     5 |     4 ||    18
  Eat: Ration            |     1 |     2 |     1 ||     4
Armor: Leather armour    |     5 |       |       ||     5
       Chain mail        |   123 |    60 |    84 ||   267
       Ring mail         |     4 |       |       ||     4
Dodge: Dodged            |    44 |     9 |    12 ||    65
Block: Large shield      |    56 |    81 |    66 ||   203
